 Dungeon Crawl Stone Soup version 0.26-a0-812-g31a745ddcd (webtiles) character file.

Game seed: 9317046269903580579

1281 vurker the Sneak (level 8, -1/58 HPs)
             Began as a Gnoll Enchanter on Dec 3, 2020.
             Was a Believer of Cheibriados.
             Slain by a bullfrog (3 damage)
             ... on level 6 of the Dungeon.
             The game lasted 00:11:06 (7528 turns).

vurker the Sneak (Gnoll Enchanter)                  Turns: 7528, Time: 00:11:07

Health: -1/58      AC: 11    Str: 15    XL:     8   Next: 54%
Magic:  17/17      EV: 13    Int: 24    God:    Cheibriados [**....]
Gold:   211        SH:  0    Dex: 22    Spells: 18/19 levels left

rFire    . . .     SeeInvis .   r - +1 whip (flame)
rCold    + . .     Faith    .   (no shield)
rNeg     . . .     Spirit   .   l - +0 scale mail
rPois    .         Reflect  .   n - +0 helmet
rElec    .         Harm     .   h - +2 cloak
rCorr    .         Rampage  .   (no gloves)
MR       .....                  (no boots)
Stlth    +++.......             (no amulet)
HPRegen  0.19/turn              g - ring of protection from cold
MPRegen  0.15/turn              (no ring)

@: very slow
A: distributed training, fangs 1, strong nose
a: Bend Time, Renounce Religion


You were on level 6 of the Dungeon.
You worshipped Cheibriados.
Cheibriados was pleased with you.
You visited 2 branches of the dungeon, and saw 7 of its levels.

You collected 211 gold pieces.

Inventory:

Hand Weapons
 r - a +1 whip of flaming (weapon)
   (You took it off a gnoll on level 4 of the Dungeon)
Missiles
 k - 22 poisoned darts (quivered)
Armour
 h - a +2 cloak (worn)
   (You found it on level 2 of the Dungeon)
 l - a +0 scale mail (worn)
   (You took it off an orc on level 5 of the Dungeon)
 n - a +0 helmet (worn)
   (You took it off Robin on level 3 of the Dungeon)
Jewellery
 g - a ring of protection from cold (left hand)
   (You found it on level 5 of the Dungeon)
Scrolls
 c - 4 scrolls of remove curse
 d - 2 scrolls of enchant weapon {unknown}
 f - 2 scrolls of immolation
 m - a scroll of fear
 p - a scroll of amnesia {unknown}
 q - a scroll of random uselessness {unknown}


   Skills:
 + Level 3.3 Fighting
 + Level 4.3 Short Blades
 + Level 3.3 Long Blades
 + Level 3.3 Axes
 + Level 3.3 Maces & Flails
 + Level 3.3 Polearms
 + Level 3.3 Staves
 + Level 3.3 Slings
 + Level 3.3 Bows
 + Level 3.3 Crossbows
 + Level 3.3 Throwing
 + Level 3.3 Armour
 + Level 5.7 Dodging
 + Level 6.9 Stealth
 + Level 3.3 Shields
 + Level 3.3 Unarmed Combat
 + Level 6.1 Spellcasting
 + Level 2.7 Conjurations
 + Level 6.1 Hexes
 + Level 2.7 Summonings
 + Level 2.7 Necromancy
 + Level 2.7 Translocations
 + Level 2.7 Transmutations
 + Level 2.7 Fire Magic
 + Level 2.7 Ice Magic
 + Level 2.7 Air Magic
 + Level 2.7 Earth Magic
 + Level 2.7 Poison Magic
 + Level 3.7 Invocations
 + Level 3.3 Evocations


You had 18 spell levels left.
You knew the following spells:

 Your Spells              Type           Power        Failure   Level
a - Corona                Hex            #####..      2%          1

Your spell library contained the following spells:

 Spells                   Type           Power        Failure   Level
 Slow                     Hex            #####...     3%          2
 Ensorcelled Hibernation  Hex/Ice        ####..       7%          2
 Confusing Touch          Hex            #####...     7%          3
 Tukima's Dance           Hex            #####...     7%          3
 Magic Dart               Conj           ###.         10%         1
 Blink                    Tloc           N/A          14%         2
 Call Imp                 Summ           ###.....     14%         2
 Dazzling Flash           Conj/Hex       ####..       14%         3
 Conjure Flame            Conj/Fire      ###.....     28%         3
 Gell's Gravitas          Tloc           ###.......   28%         3
 Mephitic Cloud           Conj/Pois/Air  ###.....     28%         3
 Petrify                  Tmut/Erth      ###.....     67%         4
 Metabolic Englaciation   Hex/Ice        ####......   77%         5
 Yara's Violent Unravell  Hex/Tmut       ####......   77%         5


Dungeon Overview and Level Annotations

Branches:
Dungeon (6/15)             Temple (1/1) D:5

Altars:
Ashenzari
Cheibriados
Elyvilon
Gozag
Kikubaaqudgha
Okawaru
Qazlal
Ru
Uskayaw
Vehumet
Zin

Shops:
D:5 [


Innate Abilities, Weirdness & Mutations

Your experience applies equally to all skills.
You have very sharp teeth.
Your uncanny sense of smell can sniff out nearby items.


Message History

You feel less wooden.
Your +2 cloak unmelds from your body.
Your +0 helmet unmelds from your body.
Your +0 scale mail unmelds from your body.
The leopard gecko bites you but does no damage.
The shadow imp hits you but does no damage.
You closely miss the leopard gecko.
You bite the leopard gecko, but do no damage.
The leopard gecko misses you.
The shadow imp hits you but does no damage.
You hit the leopard gecko. You burn the leopard gecko.
You bite the leopard gecko, but do no damage.
The leopard gecko bites you but does no damage.
The shadow imp misses you.
You hit the leopard gecko. You burn the leopard gecko.
You kill the leopard gecko!
Cheibriados thoroughly appreciates the change of pace.
The bullfrog hits you but does no damage.
The shadow imp hits you but does no damage.
You hit the bullfrog. You burn the bullfrog.
The bullfrog hits you but does no damage.
The shadow imp closely misses you.
You completely miss the bullfrog. Your bite misses the bullfrog.
The bullfrog closely misses you. The bullfrog barely misses you.
The shadow imp closely misses you.
An orc comes into view. It is wielding a +0 hand axe.
You hit the bullfrog. You burn the bullfrog.
The bullfrog hits you but does no damage.
The shadow imp barely misses you.
You hit the bullfrog. You burn the bullfrog. The bullfrog hits you.
* * * LOW HITPOINT WARNING * * *
The shadow imp hits you but does no damage.
The bullfrog closely misses you.
You hit the bullfrog. You burn the bullfrog. The bullfrog hits you.
* * * LOW HITPOINT WARNING * * *
The shadow imp barely misses you.
You aren't carrying any potions.
Unknown command.
Your scale mail prevents you from hitting the bullfrog.
The bullfrog barely misses you.
An orc comes into view. It is wielding a +0 dagger.
The shadow imp barely misses you.
The bullfrog hits you but does no damage.
The orc shouts!
You hit the bullfrog. You burn the bullfrog.
You bite the bullfrog, but do no damage.
A centaur comes into view.
The bullfrog closely misses you. The shadow imp barely misses you.
The centaur moves out of view.
You miss the bullfrog. The bullfrog hits you.
You die...

.##############
.............# ∆
#..#######.#####
#.........†....#
#...######†###.# #.
#...#<....†)# #.#
#...######..# #.#
#..≈hF@5{#..#
######.####)#.###.#..#
...........≈.....#..##+#
...#......#.#.#.#......
#.#....o.#.#..........
#........#.....#.#....
###...#..#.....#.#.#?.
+...'...........>...
#...##..........O...


You could see a bullfrog, a shadow imp, an orc and a jackal.

Vanquished Creatures
  A centaur (D:6)
  An ogre (D:6)
  3 bullfrogs (D:6)
  A scorpion (D:5)
  A centaur zombie (D:5)
  3 hounds
  A jelly (D:5)
  3 orc wizards
  2 bullfrog skeletons (D:5)
  A centaur skeleton (D:5)
  An iguana (D:6)
  Crazy Yiuf (D:2)
  6 worker ants
  A hound skeleton (D:5)
  Robin (D:3)
  8 gnolls
  8 adders
  A river rat (D:3)
  An ooze (D:5)
  An adder zombie (D:5)
  An adder skeleton (D:4)
  5 worms
  2 dart slugs
  4 leopard geckos
  25 orcs
  7 giant cockroaches
  14 goblins
  14 hobgoblins
  10 jackals
  3 quokkas
  5 ball pythons
  6 bats
  4 frilled lizards (D:1)
  6 kobolds
  2 leopard gecko skeletons
  A quokka zombie (D:5)
  11 rats
166 creatures vanquished.

Notes
Turn   | Place    | Note
-------+----------+-------------------------------------------
     0 | D:1      | vurker the Gnoll Enchanter began the quest for the Orb.
     0 | D:1      | Reached XP level 1. HP: 13/13 MP: 6/6
   180 | D:1      | Reached XP level 2. HP: 19/19 MP: 7/7
   599 | D:1      | Reached XP level 3. HP: 13/25 MP: 9/9
   780 | D:1      | Reached skill level 5 in Spellcasting
  1030 | D:2      | Reached skill level 1 in Invocations
  1352 | D:2      | Found a radiant altar of Vehumet.
  1584 | D:2      | Reached skill level 1 in Fighting
  1584 | D:2      | Reached skill level 1 in Long Blades
  1584 | D:2      | Reached skill level 1 in Axes
  1584 | D:2      | Reached skill level 1 in Maces & Flails
  1584 | D:2      | Reached skill level 1 in Polearms
  1584 | D:2      | Reached skill level 1 in Staves
  1584 | D:2      | Reached skill level 1 in Slings
  1584 | D:2      | Reached skill level 1 in Bows
  1584 | D:2      | Reached skill level 1 in Crossbows
  1584 | D:2      | Reached skill level 1 in Throwing
  1584 | D:2      | Reached skill level 1 in Armour
  1584 | D:2      | Reached skill level 1 in Shields
  1584 | D:2      | Reached skill level 1 in Unarmed Combat
  1584 | D:2      | Reached skill level 1 in Evocations
  1719 | D:2      | Found an iron altar of Okawaru.
  1734 | D:2      | Reached XP level 4. HP: 24/32 MP: 11/11
  1962 | D:2      | Found a runed translucent door.
  1963 | D:2      | Noticed Crazy Yiuf
  2442 | D:2      | Killed Crazy Yiuf
  2442 | D:2      | Reached skill level 1 in Conjurations
  2442 | D:2      | Reached skill level 1 in Summonings
  2442 | D:2      | Reached skill level 1 in Necromancy
  2442 | D:2      | Reached skill level 1 in Translocations
  2442 | D:2      | Reached skill level 1 in Transmutations
  2442 | D:2      | Reached skill level 1 in Fire Magic
  2442 | D:2      | Reached skill level 1 in Ice Magic
  2442 | D:2      | Reached skill level 1 in Air Magic
  2442 | D:2      | Reached skill level 1 in Earth Magic
  2442 | D:2      | Reached skill level 1 in Poison Magic
  2706 | D:3      | Reached XP level 5. HP: 37/37 MP: 12/12
  2707 | D:3      | Noticed Robin
  2713 | D:3      | Killed Robin
  2968 | D:3      | HP: 1/37 [something (14)]
  3210 | D:3      | Found an ancient bone altar of Kikubaaqudgha.
  3789 | D:3      | Found a sacrificial altar of Ru.
  4177 | D:4      | Reached XP level 6. HP: 44/44 MP: 13/13
  4286 | D:4      | Found a white marble altar of Elyvilon.
  4362 | D:4      | Reached skill level 5 in Dodging
  4834 | D:5      | Entered Level 5 of the Dungeon
  5004 | D:5      | Found a staircase to the Ecumenical Temple.
  5004 | D:5      | Found Asenu Ikkao's Armour Shoppe.
  5016 | Temple   | Entered the Ecumenical Temple
  5026 | Temple   | Became a worshipper of Cheibriados the Contemplative
  5412 | D:5      | Got a fabulously ornate robe
  5478 | D:4      | Reached XP level 7. HP: 41/50 MP: 15/15
  5618 | D:5      | Reached * piety under Cheibriados
  5800 | D:5      | Found a broken altar of Ashenzari.
  5982 | D:5      | Found an opulent altar of Gozag.
  7177 | D:6      | Reached XP level 8. HP: 57/57 MP: 16/16
  7192 | D:6      | Reached ** piety under Cheibriados
  7525 | D:6      | HP: 1/58 [bullfrog (4)]
  7528 | D:6      | Slain by a bullfrog

Illustrated notes

Levels and vault maps discovered:
D:1:      wander_arrival_abandoned_jail, layout_basic
D:2:      layout_basic, vehumet_crystals, kennysheep_okawaru_gauntlet,
          uniq_crazy_yiuf_cottage
D:3:      layout_loops_ring, lemuel_round_altar, marbit_many_paths, uniq_robin
D:4:      layout_loops_ring, minmay_crystal_water, elyvilon_altar_5
D:5:      minmay_razor_zed, layout_cave_pools, lemuel_doored_altar,
          evilmike_ruin_ashenzari, minmay_temple_entry_trees, serial_shops,
          shop, cheibrodos_sewer_entry_drain, kennysheep_potato
D:6:      minmay_general_purpose_star, layout_basic, kennysheep_little_box
Temple:   compressed_dpeg_triangle_lava_temple

Skill      XL: |  1  2  3  4  5  6  7  8 |
---------------+-------------------------+-----
Spellcasting   | 5 6 |  6.1
Stealth        | 6 |  6.9
Invocations    | 1 2 3 |  3.7
Fighting       | 1 2 3 |  3.3
Long Blades    | 1 2 3 |  3.3
Axes           | 1 2 3 |  3.3
Maces & Flails | 1 2 3 |  3.3
Polearms       | 1 2 3 |  3.3
Staves         | 1 2 3 |  3.3
Slings         | 1 2 3 |  3.3
Bows           | 1 2 3 |  3.3
Crossbows      | 1 2 3 |  3.3
Throwing       | 1 2 3 |  3.3
Armour         | 1 2 3 |  3.3
Shields        | 1 2 3 |  3.3
Unarmed Combat | 1 2 3 |  3.3
Evocations     | 1 2 3 |  3.3
Conjurations   | 1 2 |  2.7
Summonings     | 1 2 |  2.7
Necromancy     | 1 2 |  2.7
Translocations | 1 2 |  2.7
Transmutations | 1 2 |  2.7
Fire Magic     | 1 2 |  2.7
Ice Magic      | 1 2 |  2.7
Air Magic      | 1 2 |  2.7
Earth Magic    | 1 2 |  2.7
Poison Magic   | 1 2 |  2.7
Short Blades   | 3 4 |  4.3
Dodging        | 5 |  5.7
Hexes          | 6 |  6.1

Action                   |  1- 3 |  4- 6 |  7- 9 || total
-------------------------+-------+-------+-------++-------
Melee: Dagger            |   155 |    37 |       ||   192
       Bite              |    14 |    19 |    36 ||    69
       Quarterstaff      |       |    90 |       ||    90
       Whip              |       |    77 |   288 ||   365
       Punch             |       |     1 |     4 ||     5
Throw: Dart              |       |    12 |       ||    12
  Use: Scroll            |       |     4 |     6 ||    10
       Potion            |       |     2 |     4 ||     6
 Stab: Sleeping          |    15 |    13 |     6 ||    34
       Distracted        |     1 |       |       ||     1
Armor: Robe              |    12 |    21 |       ||    33
       Plate armour      |       |    12 |       ||    12
       Ring mail         |       |    31 |    51 ||    82
       Scale mail        |       |       |    82 ||    82
       Skin              |       |       |     2 ||     2
Dodge: Dodged            |    89 |   129 |   238 ||   456

Table legend: (Time is in decaauts)
 A = Elapsed time spent in this place.
 B = Non-inter-level travel time spent in this place.
 C = Inter-level travel time spent in this place.
 D = Time resting spent in this place.
 E = Time spent auto-exploring this place.
 F = Levels seen in this place.
 G = Mean time per level.
                   A        B        C        D        E       F      G
               +--------+--------+--------+--------+--------+-----+--------+
         Total |   7831 |   7420 |    411 |    481 |   5459 |   7 | 1118.7 |
       Dungeon |   7808 |   7409 |    399 |    481 |   5456 |   6 | 1301.3 |
        Temple |     23 |     12 |     11 |      0 |      3 |   1 |   23.0 |
               +--------+--------+--------+--------+--------+-----+--------+

Top non-repeatable levels by time:
     D:5: 1892 daAuts
     D:2: 1652 daAuts
     D:4: 1514 daAuts
     D:3: 1392 daAuts
     D:1: 977 daAuts
     D:6: 378 daAuts
  Temple: 23 daAuts
